 Dungeon Crawl Stone Soup version 0.26.1-10-gdfb7c7de75 (webtiles) character file.

Game seed: 10957975524344335863

102 lauthentik the Insei (level 4, -1/35 HPs)
             Began as a Draconian Transmuter on Apr 8, 2021.
             Killed from afar by an orc wizard (7 damage)
             ... with a puff of flame
             ... on level 3 of the Dungeon.
             The game lasted 00:06:13 (2775 turns).

lauthentik the Insei (Draconian Transmuter)         Turns: 2775, Time: 00:06:13

Health: -1/35      AC:  6    Str: 12    XL:     4   Next: 50%
Magic:  6/7        EV: 12    Int: 14    God:
Gold:   97         SH:  0    Dex: 12    Spells: 7/8 levels left

rFire    . . .     SeeInvis .     - Unarmed
rCold    . . .     Faith    .   (no shield)
rNeg     . . .     Spirit   .   (armour unavailable)
rPois    .         Reflect  .   (helmet currently unavailable)
rElec    .         Harm     .   (no cloak)
rCorr    .         Rampage  .   c - +0 pair of gloves
Will     .....                  (boots currently unavailable)
Stlth    +.........             (no amulet)
HPRegen  0.11/turn              (no ring)
MPRegen  0.10/turn              (no ring)

@: lethally poisoned (-1 -> -15), appendages (expiring), attractive, hasted,
very quick
A: unfitting armour, horns 2, talons 2, cold-blooded, AC +5
a: End Transformation


You were on level 3 of the Dungeon.
You had grown temporary horns.
You had grown temporary talons.
You visited 1 branch of the dungeon, and saw 3 of its levels.

You collected 97 gold pieces.

Inventory:

Armour
 c - a +0 pair of gloves (worn)
Jewellery
 h - an uncursed ring of protection from fire {unknown}
 o - a cursed +6 ring of dexterity {unknown}
Wands
 q - a wand of flame (15)
Scrolls
 b - a scroll of immolation {unknown}
 f - a scroll of fog {unknown}
 i - 5 scrolls of remove curse {unknown}
 j - 2 scrolls of teleportation {unknown}
 k - 2 scrolls of identify {unknown}
 m - a scroll of amnesia {unknown}
 n - a scroll of fear {unknown}
 r - a scroll of magic mapping {unknown}
Potions
 d - a potion of curing
 e - a potion of brilliance {unknown}
 g - a potion of attraction
 l - a potion of cancellation {unknown}
 p - a potion of heal wounds {unknown}
 s - a potion of might {unknown}
 t - a potion of invisibility {unknown}


   Skills:
 + Level 1.3 Fighting
 + Level 2.5 Dodging
 + Level 0.6 Stealth
 + Level 3.9 Unarmed Combat
 + Level 2.6 Spellcasting
 + Level 2.5 Transmutations


You had 7 spell levels left.
You knew the following spells:

 Your Spells              Type           Power        Failure   Level
a - Beastly Appendage     Tmut           16%          8%          1

Your spell library contained the following spells:

 Spells                   Type           Power        Failure   Level
 Wereblood                Tmut           8%           12%         2
 Spider Form              Tmut/Pois      2%           38%         3
 Ice Form                 Ice/Tmut       5%           80%         4
 Blade Hands              Tmut           4%           91%         5


Dungeon Overview and Level Annotations

Branches:
Dungeon (3/15)

Altars:


Innate Abilities, Weirdness & Mutations

Your plain brown scales are hard. (AC +5)
You cannot fit into any form of body armour.
You are cold-blooded and may be slowed by cold attacks.
You have a pair of horns on your head.
You have razor-sharp toenails.


Message History

You are more poisoned.
It was a potion of curing.
You feel better.
Your transformation is almost over.
Something hits you but does no damage.
You are poisoned.
It was a potion of attraction.
You feel attractive to monsters.
You feel sick. Something hits you but does no damage.
You are lethally poisoned!
It was a potion of haste.
You feel yourself speed up.
* * * LOW HITPOINT WARNING * * *
You feel sick.
You hear some strange, mumbled words.
Something tries to affect you, but you resist.
* * * LOW HITPOINT WARNING * * *
You feel sick.
You hear some strange, mumbled words.
A puff of flame appears from out of thin air!
The puff of flame hits you!
You die...

#.######<...........
#.# ######.#..... #.#
#........ #.#
#...#.).. #.#
####...#.... #.#
>............ #.#
#.####...†...#
###.####...........#.#
#....@{......#..##....
#.#.##)#..##.#..##.#.#
#.#.#.#)..## #.. #....
. #..# #...... #....
##.... #.##.# #....
#..#.. ... ..### ..
.... ##. #### # ... #
#..


There were no monsters in sight!

Vanquished Creatures
  An orc wizard (D:3)
  An adder (D:2)
  2 worms (D:2)
  A dart slug (D:2)
  4 leopard geckos
  3 orcs (D:3)
  3 goblins (D:1)
  6 hobgoblins
  2 jackals (D:3)
  7 bats
  5 frilled lizards
  9 kobolds
  10 rats
54 creatures vanquished.

Notes
Turn   | Place    | Note
-------+----------+-------------------------------------------
     0 | D:1      | lauthentik the Draconian Transmuter began the quest for the
                  | Orb.
     0 | D:1      | Reached XP level 1. HP: 16/16 MP: 3/3
   394 | D:1      | Reached XP level 2. HP: 19/23 MP: 3/5
  1524 | D:2      | Reached XP level 3. HP: 28/28 MP: 6/6
  2724 | D:3      | Reached XP level 4. HP: 33/35 MP: 7/7
  2775 | D:3      | Killed from afar by an orc wizard

Illustrated notes

Levels and vault maps discovered:
D:1:      dpeg_arrival_snail, layout_basic
D:2:      layout_basic
D:3:      layout_loops_ring, amcnicky_mini_rare_corridor_liquid, uniq_sigmund,
          uniq_jessica, uniq_crazy_yiuf_cottage

Skill      XL: |  1  2 |
---------------+-------+-----
Dodging        | 2 |  2.5
Fighting       | |  1.3
Stealth        | |  0.6
Unarmed Combat | |  3.9
Spellcasting   | |  2.6
Transmutations | |  2.5

Action                   |  1- 3 |  4- 6 || total
-------------------------+-------+-------++-------
Melee: Unarmed           |   139 |    18 ||   157
       Tailslap          |     9 |     1 ||    10
       Headbutt          |    10 |     2 ||    12
       Kick              |    12 |     4 ||    16
       Punch             |     1 |       ||     1
 Cast: Beastly Appendage |    22 |     2 ||    24
  Use: Potion            |       |     3 ||     3
 Stab: Sleeping          |     2 |       ||     2
Armor: Skin              |    55 |    11 ||    66
Dodge: Dodged            |    89 |     9 ||    98
